 Dungeon Crawl Stone Soup version 0.23.0 (webtiles) character file.

Game seed: 5191765503900788278

586 Borgoz the Covert (level 7, -4/43 HPs)
             Began as a Kobold Assassin on Feb 16, 2019.
             Slain by an ogre
             ... wielding a +0 giant club
              (15 damage)
             ... on level 5 of the Dungeon.
             The game lasted 00:10:40 (4686 turns).

Borgoz the Covert (Kobold Assassin)                 Turns: 4686, Time: 00:10:41

Health: -4/43      AC:  4    Str: 10    XL:     7   Next: 65%
Magic:  7/7        EV: 17    Int: 13    God:
Gold:   227        SH:  0    Dex: 20    Spells: 3/6 levels left

rFire    . . .     SeeInvis .   b - +0 blowgun
rCold    . . .     Gourm    .   (shield restricted)
rNeg     . . .     Faith    .   c - +0 robe
rPois    .         Spirit   .   k - +0 hat
rElec    .         Reflect  .   d - +0 cloak
rCorr    .         Harm     .   (no gloves)
MR       .....                  t - +0 pair of boots
Stlth    ++++......             (no amulet)
HPRegen  0.14/turn              s - ring of wizardry
MPRegen  0.10/turn              u - ring of flight

@: no status effects
A: small, antennae 1, agile 1, carnivore, strong 1
a: Evoke Flight


You were on level 5 of the Dungeon.
You were full.

You visited 1 branch of the dungeon, and saw 6 of its levels.

You collected 227 gold pieces.

Inventory:

Hand Weapons
 a - a +3 dagger of flaming
 b - a +0 blowgun (weapon)
 q - a +2 dagger of freezing
Missiles
 e - 5 poisoned needles (quivered)
 f - 4 curare-tipped needles
Armour
 c - a +0 robe (worn)
 d - a +0 cloak (worn)
 k - a +0 hat (worn)
 t - a +0 pair of boots (worn)
 v - the +2 chain mail of the Eight Boll Weevils {rF+ rN+ MR+ Stlth+, unknown}
   (You found it on level 5 of the Dungeon)

   It protects you from fire.
   It protects you from negative energy.
   It affects your resistance to hostile enchantments.
   It makes you more stealthy.
Jewellery
 s - a ring of wizardry (left hand)
 u - a ring of flight (right hand)
Scrolls
 h - a scroll of magic mapping {unknown}
 i - 4 scrolls of teleportation
 j - a scroll of fear {unknown}
 l - a scroll of random uselessness {unknown}
 n - 3 scrolls of amnesia
 p - a scroll of torment {unknown}
 r - 2 scrolls of remove curse
Potions
 m - a potion of heal wounds
 o - 2 potions of agility {unknown}
Comestibles
 g - 10 rations


   Skills:
 + Level 4.0 Fighting
 * Level 6.3 Short Blades
 - Level 2.1 Throwing
 + Level 3.7 Dodging
 * Level 8.3 Stealth


You had 3 spell levels left.
You knew the following spells:

 Your Spells              Type           Power        Failure   Level  Hunger
a - Confuse               Hex            #.......     34%         3    ####...

Your spell library contained the following spells:

 Spells                   Type           Power        Failure   Level  Hunger
 Apportation              Tloc           #.....       12%         1    ##.....
 Confusing Touch          Hex            #.....       12%         1    ##.....
 Gell's Gravitas          Tloc           #.........   34%         3    ####...
 Petrify                  Tmut/Erth      #.......     73%         4    #####..
 Metabolic Englaciation   Hex/Ice        #.........   96%         5    ######.
 Yara's Violent Unravell  Hex/Tmut       #.........   96%         5    ######.


Dungeon Overview and Level Annotations

Branches:
Dungeon (6/15)
 Temple: D:4-7

Altars:
Qazlal
Sif Muna

Shops:
D:4 :

Annotations:
D:3 1 runed translucent door, lextramoth's ghost, weakling SpEn
D:5 Eustachio


Innate Abilities, Weirdness & Mutations

You are small and have problems with some larger weapons.
You are carnivorous and can eat meat at any time.
You have a pair of small antennae on your head.
You are agile. (Dex +2)
Your muscles are strong. (Str +2)


Message History

The ogre is poisoned.
The ogre is heavily wounded.
The ogre closely misses you.
Your +3 dagger of flaming bursts into flame!
a - a +3 dagger of flaming (weapon)
You hit the ogre. You burn the ogre.
The ogre is severely wounded.
The ogre hits you with a +0 giant club!!
Ouch! That really hurt!
* * * LOW HITPOINT WARNING * * *
Okay, then.
Eustachio gestures wildly while chanting.
Eustachio blinks!
The ogre looks more healthy.
Your +3 dagger of flaming stops flaming.
b - a +0 blowgun (weapon)
You are too injured to fight recklessly!
There is a stone staircase leading up here.
The ogre hits you with a +0 giant club!
You die...

###########
##.........#
##....O@....#
##...........#
#..Z.........#
###
#.#..........#
.)#
##.#..........#
..#
##Z.#.##.#######
..# #..##.##.#
.######.###.##.#
..Z..........#


You could see an ogre and a quokka zombie.

Vanquished Creatures
  A phantom (D:4)
  2 crimson imps
  3 orc wizards
  A centaur skeleton (D:4)
  A hound (D:4)
  2 orc priests
  2 bullfrog skeletons
  A hound skeleton (D:4)
  6 adders
  2 oozes (D:1)
  An adder skeleton (D:5)
  A worm (D:3)
  2 dart slugs (D:1)
  6 leopard geckos
  16 orcs
  A giant cockroach (D:2)
  7 goblins
  5 hobgoblins
  A quokka (D:3)
  3 ball pythons
  A ball python skeleton (D:5)
  8 bats
  4 frilled lizards
  8 kobolds
  5 rats
90 creatures vanquished.

Notes
Turn   | Place    | Note
-------+----------+-------------------------------------------
     0 | D:1      | Borgoz the Kobold Assassin began the quest for the Orb.
     0 | D:1      | Reached XP level 1. HP: 12/12 MP: 1/1
    66 | D:1      | Reached XP level 2. HP: 9/18 MP: 2/2
   321 | D:1      | Reached XP level 3. HP: 22/22 MP: 3/3
   985 | D:2      | Reached skill level 6 in Stealth
  1035 | D:2      | Reached XP level 4. HP: 27/27 MP: 4/4
  1372 | D:2      | Found a stormy altar of Qazlal.
  1857 | D:3      | Reached XP level 5. HP: 11/32 MP: 5/5
  2253 | D:3      | Gained mutation: Your muscles are strong. (Str +2) [potion
                  | of mutation]
  2253 | D:3      | Gained mutation: You have a pair of small antennae on your
                  | head. [potion of mutation]
  2253 | D:3      | Gained mutation: You are agile. (Dex +2) [potion of
                  | mutation]
  3081 | D:3      | Found a runed translucent door.
  3082 | D:3      | Noticed lextramoth's ghost (weakling SpEn)
  3130 | D:4      | Reached skill level 7 in Stealth
  3130 | D:4      | Reached XP level 6. HP: 37/37 MP: 6/6
  3283 | D:4      | Found a deep blue altar of Sif Muna.
  3314 | D:4      | Reached skill level 5 in Short Blades
  3479 | D:4      | Identified Sif Muna's Papyrus of Displacement
  3911 | D:4      | Found Filahet's Book Boutique.
  3913 | D:4      | Noticed a phantom
  3918 | D:4      | Learned a level 3 spell: Confuse
  3976 | D:4      | Killed a phantom
  3976 | D:4      | Reached XP level 7. HP: 20/42 MP: 4/7
  4253 | D:5      | Entered Level 5 of the Dungeon
  4273 | D:4      | Reached skill level 8 in Stealth
  4569 | D:5      | Got a shimmering chain mail
  4626 | D:5      | Noticed Eustachio
  4686 | D:5      | Slain by an ogre

Skill      XL: |  1  2  3  4  5  6  7 |
---------------+----------------------+-----
Short Blades   | 3 4 5 6 |  6.3
Dodging        | 2 3 |  3.7
Stealth        | 6 7 8 |  8.3
Fighting       | 3 4 |  4.0
Throwing       | |  2.1

Action                   |  1- 3 |  4- 6 |  7- 9 || total
-------------------------+-------+-------+-------++-------
Melee: Dagger            |    86 |   208 |   110 ||   404
 Fire: Blowgun           |       |     7 |     3 ||    10
 Cast: Confuse           |       |     2 |     2 ||     4
 Abil: Evoke Flight      |       |     1 |       ||     1
  Use: Potion            |       |     5 |       ||     5
       Scroll            |       |     5 |       ||     5
 Stab: Sleeping          |     8 |    10 |     8 ||    26
       Distracted        |       |     1 |       ||     1
  Eat: Chunk             |     7 |    11 |       ||    18
Armor: Robe              |    14 |    16 |     7 ||    37
Dodge: Dodged            |    46 |   100 |    52 ||   198
